 Dungeon Crawl Stone Soup version 0.31.0-11-ge490571c62 (webtiles) character file.

Game seed: 15106558733615687725

2737394 SnakkuSnakku7 the Skinwalker (level 26, 226/274 HPs)
             Began as a Merfolk Conjurer on Feb 2, 2024.
             Was the Champion of Okawaru.
             Escaped with the Orb
             ... and 4 runes!
             The game lasted 02:16:36 (55280 turns).

SnakkuSnakku7 the Skinwalker (Merfolk Conjurer)    Turns: 55280, Time: 02:16:37

Health: 226/274    AC: 52    Str: 18    XL:     26
Magic:  31/31      EV: 26    Int: 16    God:    Okawaru [******]
Gold:   6515       SH: 16    Dex: 16    Spells: 28/28 levels left

rFire   + .          .
                       - Unarmed
rCold   + . .        s - +0 kite shield {AC+3}
rNeg    + . .        z - melded +10 gold dragon scales
rPois   ∞            t - +2 hat
rElec   +            e - +0 cloak of Efaano {rF+}
rCorr   .            y - melded +0 pair of gloves {Str+3}
SInv    .            W - melded +4 pair of boots "Jaumm" {Str+6}
Will    +....        U - amulet "Deadwesa" {Spirit Rampage Regen+ Dex+3}
Stlth   ++           x - ring of the Ban {rC++ AC+4}
HPRegen 1.45/turn    G - ring of Paonepir {rPois AC+4 Str+4 Stlth+}
MPRegen 0.22/turn

%: random rage (3%), guardian spirit, rampage
@: statue-form, studying 2 skills, very slow
A: slow and powerful, torment resistance 1, boosted hp, inability to use
devices, hated by all, unskilled 1, inexperienced 1, (nimble swimmer 2),
mertail, horns 1, berserk 1, clumsy 1, deformed body, deterioration 2, dopey 1,
frail 1, low MP 1, screaming 1, inhibited regeneration, weak 1, no potion heal
2, cold vulnerability 1, subdued magic 1
0: Orb of Zot
}: 4/15 runes: barnacled, silver, abyssal, gossamer
a: Begin Untransformation, Renounce Religion, Heroism, Finesse, Duel, Receive
Weapon


You escaped.
You worshipped Okawaru.
Okawaru was exalted by your worship.
You were a living statue of rough stone.
You visited 12 branches of the dungeon, and saw 52 of its levels.
You visited the Abyss 2 times.
You visited 1 ziggurat, and saw 1 of its levels.
You also visited: Sewer, Bailey and Gauntlet.

You collected 8695 gold pieces.
You spent 2180 gold pieces at shops.

Inventory:

Missiles
 A - 13 throwing nets
 O - 24 curare-tipped darts (quivered)
Armour
 c - a +2 helmet of intelligence
 e - the +0 cloak of Efaano (worn) {rF+}
   (You found it in a Gauntlet)

   rF+:       It protects you from fire.
 s - a +0 kite shield of protection (worn)
 t - a +2 hat (worn)
 y - a +0 pair of gloves of strength (melded)
 z - +10 gold dragon scales (melded)
 S - a +2 cloak of preservation
 W - the +4 pair of boots "Jaumm" (melded) {Str+6}
   (You found it on level 5 of the Vaults)

   Str+6:     It affects your strength (+6).
Jewellery
 h - a ring of willpower
 i - a ring of protection from cold
 w - the ring of Roenot {rN+ EV+5}
   (You found it in a Gauntlet)

   [ring of evasion]

   EV+5:      It affects your evasion (+5).
   rN+:       It protects you from negative energy.
 x - the ring of the Ban (left fist) {rC++ AC+4}
   (You found it on level 5 of the Lair of Beasts)

   [ring of protection]

   AC+4:      It affects your AC (+4).
   rC++:      It greatly protects you from cold.
 G - the ring of Paonepir (right fist) {rPois AC+4 Str+4 Stlth+}
   (You took it off a vault warden on level 3 of the Vaults)

   [ring of protection]

   AC+4:      It affects your AC (+4).
   Str+4:     It affects your strength (+4).
   rPois:     It protects you from poison Stlth+: It makes you more stealthy.
 N - the amulet "Irchuime" {rN+ Will++ Regen+ MP-9}
   (You took it off a vault warden on level 5 of the Vaults)

   [amulet of regeneration]

   rN+:       It protects you from negative energy.
   Will++:    It greatly increases your willpower.
   MP-9:      It affects your magic capacity (-9).
   Regen+:    It increases your rate of health regeneration.
 P - a ring of resist corrosion
 U - the amulet "Deadwesa" (around neck) {Spirit Rampage Regen+ Dex+3}
   (You bought it in a shop on level 1 of the Vaults)

   [amulet of guardian spirit]

   Spirit:    It causes incoming damage to be divided between your reserves of
   health and magic.
   Dex+3:     It affects your dexterity (+3).
   Regen+:    It increases your rate of health regeneration.
   Rampage:   It bestows one free step when moving towards enemies.
 V - the ring "Pixyaw" {Wiz SInv}
   (You took it off a necromancer on level 5 of the Vaults)

   [ring of wizardry]

   Wiz:       It improves your spell success rate.
   SInv:      It lets you see invisible.
Talismans
 f - a granite talisman (active)
 v - the blade talisman of Lesser Demons {rN+}
   (You found it on level 3 of the Crypt)

   [blade talisman]

   rN+:       It protects you from negative energy.
Scrolls
 a - 4 scrolls of torment
 b - 5 scrolls of immolation
 l - 4 scrolls of poison
 n - 10 scrolls of vulnerability
 q - a scroll of revelation
 u - 10 scrolls of teleportation
 B - 2 scrolls of silence
 J - 6 scrolls of fog
 K - 3 scrolls of fear
Potions
 d - 19 potions of curing
 g - 10 potions of attraction
 j - 3 potions of enlightenment
 m - 6 potions of heal wounds
 o - 5 potions of berserk rage
 p - 3 potions of resistance
 r - 8 potions of might
 C - 7 potions of brilliance
 D - 6 potions of invisibility
 E - 9 potions of magic
 F - 2 potions of haste
 H - 5 potions of ambrosia
 I - 2 potions of lignification
Miscellaneous
 L - the horn of Geryon


   Skills:
 - Level 25.0 Fighting
 + Level 23.6 Dodging
 - Level 10.0 Stealth
 - Level 20.0 Shields
 - Level 25.0 Unarmed Combat
 - Level 1.7 Spellcasting
 - Level 2.9 Conjurations
 - Level 16.0 Invocations
 - Level 25.0 Shapeshifting


You had 28 spell levels left.
You didn't know any spells.
Your spell library contained the following spells:

 Spells                   Type           Power      Damage    Failure   Level
 Magic Dart               Conj           32%        1d4       7%          1
 Searing Ray              Conj           16%        2d5       10%         2
 Foxfire                  Conj/Fire      16%        2x1d4     13%         1
 Kiss of Death            Conj/Necr      16%        2d6       13%         1
 Shock                    Conj/Air       16%        1d4       13%         1
 Sting                    Conj/Alch      16%        1d4       13%         1
 Momentum Strike          Conj/Tloc      8%         3d8       19%         2
 Sandblast                Erth           2%         2d4       24%         1
 Slow                     Hex            4%         N/A       24%         1
 Blink                    Tloc           2%         N/A       34%         2
 Cigotuvi's Dreadful Rot  Necr/Alch/Air  2%         N/A       34%         2
 Ensorcelled Hibernation  Hex/Ice        2%         N/A       34%         2
 Jinxbite                 Hex            2%         N/A       34%         2
 Mercury Vapours          Alch/Air       2%         N/A       34%         2
 Dazzling Flash           Conj/Hex       8%         N/A       36%         3
 Stone Arrow              Conj/Erth      8%         3d7       36%         3
 Mephitic Cloud           Conj/Alch/Air  3%         N/A       45%         3
 Confusing Touch          Hex            1%         N/A       58%         3
 Gell's Gravitas          Tloc           1%         N/A       58%         3
 Inner Flame              Hex/Fire       1%         N/A       58%         3
 Passwall                 Erth           1%         N/A       58%         3
 Sigil of Binding         Hex            1%         N/A       58%         3
 Swiftness                Air            1%         N/A       58%         3
 Teleport Other           Tloc           1%         N/A       58%         3
 Vampiric Draining        Necr           1%         2d6       58%         3
 Volatile Blastmotes      Fire/Tloc      2%         2d10      58%         3
 Brom's Barrelling Bould  Conj/Erth      4%         2d3       80%         4
 Flame Wave               Conj/Fire      4%         2d5       80%         4
 Fulminant Prism          Conj/Alch      2%         3d5       80%         4
 Iskenderun's Mystic Bla  Conj/Tloc      4%         2d3       80%         4
 Iskenderun's Battlesphe  Conj           8%         2d6       90%         5
 Anguish                  Hex/Necr       0%         N/A       94%         4
 Cause Fear               Hex            0%         N/A       94%         4
 Dimensional Bullseye     Hex/Tloc       0%         N/A       94%         4
 Dispel Undead            Necr           1%         3d6       94%         4
 Ignite Poison            Fire/Alch      1%         N/A       94%         4
 Leda's Liquefaction      Alch/Erth      0%         N/A       94%         4
 Manifold Assault         Tloc           1%         N/A       94%         4
 Olgreb's Toxic Radiance  Alch           1%         N/A       94%         4
 Passage of Golubria      Tloc           1%         N/A       94%         4
 Petrify                  Alch/Erth      1%         N/A       94%         4
 Sticky Flame             Fire/Alch      1%         2d4       94%         4
 Irradiate                Conj/Alch      2%         3d12      98%         5
 Freezing Cloud           Conj/Ice/Air   1%         6-21      99%         5
 Alistair's Intoxication  Alch           0%         N/A       100%        5
 Borgnjor's Vile Clutch   Necr/Erth      0%         N/A       100%        5
 Curse of Agony           Necr           1%         N/A       100%        5
 Metabolic Englaciation   Hex/Ice        0%         N/A       100%        5
 Silence                  Hex/Air        0%         N/A       100%        5
 Yara's Violent Unravell  Hex/Alch       0%         3d3       100%        5
 Bombard                  Conj/Erth      2%         9d1       100%        6
 Dispersal                Tloc           0%         N/A       100%        6
 Eringya's Noxious Bog    Alch           0%         4d6       100%        6
 Starburst                Conj/Fire      2%         6d3       100%        6
 Enfeeble                 Hex            0%         N/A       100%        7
 Ozocubu's Refrigeration  Ice            0%         4d7       100%        7
 Borgnjor's Revivificati  Necr           0%         N/A       100%        8
 Discord                  Hex            0%         N/A       100%        8
 Disjunction              Tloc           0%         N/A       100%        8
 Ignition                 Fire           0%         3d3       100%        8
 Lehudib's Crystal Spear  Conj/Erth      2%         10d2      100%        8
 Death's Door             Necr           0%         N/A       100%        9
 Polar Vortex             Ice            0%         N/A       100%        9
 Shatter                  Erth           0%         3d5*      100%        9
 Call Imp                 Summ           Unusable   N/A       N/A         2
 Sublimation of Blood     Necr           Unusable   N/A       N/A         2
 Tukima's Dance           Hex            Unusable   N/A       N/A         3
 Animate Dead             Necr           Unusable   N/A       N/A         4
 Summon Forest            Summ/Tloc      Unusable   N/A       N/A         5
 Summon Mana Viper        Hex/Summ       Unusable   N/A       N/A         5
 Sculpt Simulacrum        Ice/Alch       Unusable   N/A       N/A         6
 Summon Cactus Giant      Summ           Unusable   N/A       N/A         6
 Haunt                    Necr/Summ      Unusable   N/A       N/A         7
 Summon Hydra             Summ           Unusable   N/A       N/A         7
 Infestation              Necr           Unusable   N/A       N/A         8

Dungeon Overview and Level Annotations

Branches:
Dungeon (15/15)            Temple (1/1) D:6            Lair (5/5) D:8
 Shoals (4/4) Lair:3       Spider (4/4) Lair:3        Slime (0/5) Lair:5
    Orc (2/2) D:12            Elf (3/3) Orc:2        Vaults (5/5) D:13
  Crypt (3/3) Vaults:2       Tomb (0/3) Crypt:3      Depths (4/4) D:15
   Hell (visited)             Dis (0/7) Hell            Geh (0/7) Hell
    Coc (0/7) Hell            Tar (0/7) Hell            Zot (5/5) Depths:4
  Sewer (visited)          Bailey (visited)         Gauntlet (visited)

Altars:
Ashenzari
Cheibriados
Dithmenos
Elyvilon
Gozag
Kikubaaqudgha
Makhleb
Nemelex Xobeh
Okawaru
Qazlal
Ru
Sif Muna
Trog
Uskayaw
Vehumet
Wu Jian
Xom
Zin
The Shining One

Shops:
D:9 (   Orc:1 :   Orc:2 [:[*(   Elf:1 ?   Elf:3 =   Shoals:1 [   Vaults:1 =
Vaults:4 (   Depths:1 (

Portals:
Hell: Depths:1 Depths:2 Depths:3 Depths:4
Abyss: Depths:1 Depths:3 Depths:4
Pandemonium: Depths:1 Depths:2 Depths:4

Annotations:
D:4 exclusion: upstairs
D:8 6 exclusions
Lair:5 exclusion: obsidian statue


Innate Abilities, Weirdness & Mutations

You are a living statue of rough stone.
Your actions are slow, but your melee attacks are powerful.
You are resistant to unholy torment.
Your maximum health is greatly increased.
Your equipment is partially melded.
You are immune to poison.
You cannot study or use magical devices.
You are hated by all.
You are somewhat unskilled. (-1 Apt)
You are somewhat inexperienced. (-1 XL)
((You are very nimble when in or above water. (Stealth+, EV+, Speed+++)))
Your lower body shifts to a powerful aquatic tail in water.
You have a pair of small horns on your head.
You sometimes lose your temper in combat.
You are clumsy. (Dex -2)
Armour fits poorly on your strangely shaped body.
Your body often deteriorates upon taking damage.
You are dopey. (Int -2)
You are frail. (-10% HP)
Your magical capacity is low. (-10% MP)
You occasionally shout uncontrollably at your foes.
You do not regenerate when monsters are visible.
You are weak. (Str -2)
Potions cannot restore your health.
You are vulnerable to cold. (rC-)
Your spells are a little easier to cast, but a little less powerful.


Message History

You pummel the Orb Guardian!!
You headbutt the Orb Guardian, but do no damage.
The Orb Guardian is almost dead.
The Orb Guardian hits you but does no damage.
You punch the Orb Guardian! Your headbutt misses the Orb Guardian.
The Orb Guardian is almost dead.
The Orb Guardian hits you.
You barely miss the Orb Guardian. You headbutt the Orb Guardian.
You kill the Orb Guardian!
Okawaru accepts your kill.
HP restored.
You climb upwards.
There is a stone staircase leading down here.
Your legs become a tail as you enter the water.
The +4 pair of boots "Jaumm" {Str+6} melds into your body.
The +4 pair of boots "Jaumm" {Str+6} unmelds from your body.
There is a stone staircase leading up here.
You climb upwards.
Level annotation: exclusion: upstairs
There is a stone staircase leading down here.
There is an escape hatch in the ceiling here.
A mysterious force pulls you upwards. The hatch slams shut behind you.
There is an escape hatch in the floor here.
There is a stone staircase leading up here.
You climb upwards.
There is a stone staircase leading down here.
You see here a +0 short sword.
There is an escape hatch in the ceiling here.
A mysterious force pulls you upwards. The hatch slams shut behind you.
You begin transforming.
You continue transforming. x3
You turn into a living statue of rough stone.
Your +0 pair of gloves of strength melds into your body.
The +4 pair of boots "Jaumm" {Str+6} melds into your body.
Your +10 gold dragon scales melds into your body.
You feel weaker.
Unknown command.
There is an open door here.
There is a staircase leading out of the dungeon here.
Unknown command.
You have escaped!

#.# #..##.###♣♣...≈# #.# #.#.
#.#####..##...#♣...~≈# #.# #.#.
#..........####♣...≈≈####.###.#.
####....##.# #...≈≈≈#..........
#.#####.# #..~~~~##########. #.#
#.## #..~PP~# #. #.# #..#
#.~~PP~# #. #.# ##.###.~PP~~# #.
#.# #...'8~P~~.# #. #.#
#####.~P~.P#### #. #.#
#.~~~..'..# #. #.# #≈≈≈...##.#
#. #.# #≈~.<.♣##.# ## ##.#
#~....♣ #.# # #..# #~...P♣ #.# #
#.## #~...♣♣##.#### # #.#
######~..♣♣ #.....#


There were no monsters in sight!

Vanquished Creatures
  2 dread liches
  Tiamat (Zot:4)
  8 ancient liches
  Mara (Vaults:4)
  5 orbs of fire
  Mennas (Crypt:1)
  9 Killer Klowns
  A curse toe (Zot:5)
  14 golden dragons
  the Enchantress (D:15)
  Geryon (Arena)
  Jory (Crypt:3)
  A pandemonium lord (Zig:1)
  3 bone dragons
  2 electric golems (Zot:5)
  Arachne (Arena)
  A walking crystal tome (Depths:3)
  15 tentacled monstrosities
  A shard shrike zombie (Crypt:3)
  Mlioglotl (Shoals:4)
  A tainted leviathan (Hell)
  26 Orb Guardians
  5 titans
  4 liches
  4 quicksilver dragons
  An acid blob (D:14)
  A walking frostbound tome (Depths:4)
  3 krakens
  8 searing wretches
  3 deep elf blademasters
  A deep elf master archer (Elf:3)
  The ghost of Sirjeffry24 the Executioner, an adept HOFi of Beogh (Spider:4)
  6 sphinxes
  Polyphemus (Shoals:2)
  9 death cobs
  An ancient champion (Crypt:1)
  7 tentacled starspawn (Abyss:3)
  19 storm dragons
  Roxanne (Spider:3)
  Agnes (D:14)
  5 shadow dragons
  2 revenants
  11 tengu reavers
  3 draconian monks
  6 protean progenitors
  8 deep elf sorcerers
  6 draconian knights
  2 balrugs (Depths:1)
  4 fire giants
  22 vault wardens
  3 emperor scorpions
  6 draconian shifters
  2 iron dragons
  5 draconian scorchers
  9 frost giants
  3 draconian stormcallers
  5 orc warlords
  2 cacodemons
  A juggernaut zombie (Crypt:3)
  6 deep elf elementalists
  5 ghost moths
  4 draconian annihilators
  5 broodmothers
  A curse skull (Crypt:1)
  9 spriggan defenders
  15 ghouls
  2 formless jellyfish
  15 stone giants
  19 very ugly things
  An ophan (Abyss:3)
  21 vampire knights
  A caustic shrike skeleton (Hell)
  18 ironbound preservers
  7 reapers
  5 ironbound thunderhulks
  4 deep elf demonologists
  3 putrid mouths
  16 black draconians
  2 grey draconians (Depths:4)
  12 yellow draconians
  11 deep elf annihilators
  10 green draconians
  8 red draconians
  6 deep elf death magi
  A wendigo (Depths:3)
  10 spark wasps
  A war gargoyle (Vaults:2)
  A minotaur (Gauntlet)
  8 dire elephants
  2 lorocyprocas (Depths:3)
  10 purple draconians
  6 eidola
  10 white draconians
  13 ettins
  5 green deaths
  7 merfolk impalers
  3 blizzard demons
  8 deep elf high priests
  The ghost of Laqueoixx the Martial Artist, a journeyman OpSh of Ashenzari (Lair:3)
  4 crystal guardians
  4 merfolk javelineers
  The ghost of Xudgha the Protected, a journeyman MiFi of Okawaru (Lair:2)
  7 entropy weavers
  12 fire dragons
  3 jiangshi
  3 spriggan zombies
  44 vault guards
  A rakshasa (Depths:3)
  3 great orbs of eyes
  3 peacekeepers
  15 ice dragons
  20 yaktaur captains
  A fenstrider witch zombie (Hell)
  3 quicksilver dragon skeletons
  An ogre mage (Vaults:5)
  4 hydras
  2 hell beasts
  5 spriggan air magi
  An Orb Guardian zombie (Crypt:1)
  A ghost crab (Abyss:3)
  2 radroaches
  A stoker (Hell)
  2 alligators (Zot:2)
  5 jorogumos
  A catoblepas (Shoals:2)
  3 merfolk avatars
  2 spriggan skeletons
  10 ironbound frosthearts
  A death knight (D:13)
  10 satyrs
  7 deep troll shamans
  3 death yaks
  2 merfolk aquamancers
  3 alligator snapping turtles
  9 vampire magi
  9 tengu warriors
  12 centaur warriors
  9 two-headed ogres
  7 boulder beetles
  3 thrashing horrors (Abyss:3)
  20 dancing weapons
  8 deep troll earth magi
  6 hell hogs
  2 Orb Guardian skeletons (Crypt:1)
  7 spriggan berserkers
  3 titan zombies
  14 demonic crawlers
  2 orc high priests (Orc:2)
  A spectral dire elephant (Lair:5)
  An emperor scorpion zombie (Crypt:1)
  31 hell knights
  3 occultists
  7 sun demons
  Sonja (Orc:2)
  15 deep elf knights
  6 skysharks
  7 wretched stars
  9 soul eaters
  A storm dragon zombie (Crypt:3)
  2 bunyip zombies
  6 pharaoh ants
  A spectral anaconda (Lair:5)
  3 shadow wraiths
  31 skeletal warriors
  4 sixfirhies
  A storm dragon skeleton (Hell)
  57 deep trolls
  14 orb spiders
  8 sea snakes
  2 swamp dragons (Zot:4)
  14 iron trolls
  8 glowing orange brains
  3 sun moths (Spider:4)
  A snapping turtle (shapeshifter) (Vaults:5)
  7 arcanists
  4 deep elf archers (Elf:2)
  A death drake (Zot:4)
  2 spriggan simulacra
  6 flayed ghosts
  4 bog bodies
  8 harpies (Shoals:4)
  A broodmother zombie (Crypt:1)
  22 ironbound convokers
  19 necromancers
  A golden dragon skeleton (Crypt:1)
  A wolf spider zombie (D:12)
  28 phantasmal warriors
  A shadow dragon zombie (Hell)
  5 steelbarb worms
  15 orc knights
  3 orange crystal statues
  24 deep elf pyromancers
  A fenstrider witch simulacrum (Hell)
  2 jorogumo zombies
  10 deep elf zephyrmancers
  37 ugly things
  12 lindwurms
  A glowing shapeshifter (Vaults:5)
  A salamander (shapeshifter) (Vaults:5)
  11 wolf spiders
  4 orc sorcerers (Orc:2)
  Maurice (D:7)
  2 fauns (shapeshifter)
  A cyclops (shapeshifter) (Vaults:5)
  7 meliai
  A stone giant zombie (Crypt:3)
  A formless jellyfish zombie (Crypt:2)
  31 fauns
  31 moths of wrath
  11 manticores
  A jorogumo skeleton (Crypt:3)
  11 elephants
  A guardian serpent (Abyss:3)
  4 black mambas
  A toenail golem (Depths:4)
  A will-o-the-wisp (Abyss:3)
  A fire giant skeleton (Crypt:2)
  7 cyclopes
  An iron dragon skeleton (Depths:3)
  An eye of devastation (shapeshifter) (Vaults:2)
  31 slime creatures
  2 water nymphs
  30 vault sentinels
  An apocalypse crab (Abyss:3)
  A goliath frog skeleton (Crypt:3)
  A storm dragon simulacrum (Hell)
  A cane toad (shapeshifter) (D:15)
  8 centaur zombies (D:12)
  A naga mage (Abyss:3)
  8 large abominations
  12 merfolk sirens
  5 smoke demons
  6 torpor snails
  2 dire elephant skeletons (Lair:5)
  2 orange demons (Abyss:3)
  An alligator snapping turtle zombie (Crypt:3)
  A rime drake (Lair:4)
  3 hellions
  8 cane toads
  An anaconda simulacrum (Hell)
  4 efreet
  A bunyip simulacrum (Hell)
  A kobold demonologist (D:14)
  6 tengu conjurers
  11 komodo dragons
  5 ancient zymes (Abyss:3)
  A minotaur skeleton (Crypt:1)
  2 unseen horrors
  38 yaktaurs
  A catoblepas skeleton (Crypt:2)
  2 freezing wraiths
  An alligator snapping turtle skeleton (Hell)
  5 starcursed masses (Abyss:3)
  9 trolls
  A polar bear (Lair:4)
  2 harpy zombies
  25 merfolk
  A yellow draconian skeleton (Crypt:3)
  31 blink frogs
  32 tarantellas
  A tyrant leech (Zot:2)
  6 wind drakes
  2 harpy skeletons (Crypt:3)
  A merfolk (shapeshifter) (Vaults:5)
  6 hornets
  A shadow dragon simulacrum (Hell)
  14 raiju (Abyss:3)
  A glass eye (Depths:3)
  3 meliai zombies (D:12)
  7 snapping turtles
  6 dream sheep
  6 water elementals
  35 jumping spiders
  2 air elementals (Elf:2)
  9 wyverns
  A ynoxinul (Abyss:3)
  11 spriggans
  7 fire dragon skeletons (Crypt:1)
  A wind drake zombie (Crypt:1)
  A shadow (D:11)
  24 culicivoras
  7 basilisks
  6 wraiths
  31 yaks
  2 fire elementals
  The ghost of Strat the Trooper, an amateur MfCj (D:3)
  4 fire bats (Lair:4)
  16 humans (D:12)
  3 wargs (Orc:2)
  4 neqoxecs
  2 steam dragons
  A wind drake skeleton (Crypt:3)
  60 redbacks
  2 spectral cane toads (Lair:5)
  Grum (D:8)
  2 death yak simulacra (Lair:5)
  2 chaos spawn (Abyss:3)
  13 vampire mosquitoes
  A deep troll zombie (Crypt:3)
  3 nagas (Abyss:3)
  2 demonspawn zombies (Crypt:2)
  Edmund (D:4)
  A skyshark zombie (Crypt:3)
  A merfolk zombie (Crypt:3)
  11 acid dragons
  2 naga zombies (Crypt:3)
  An entropy weaver zombie (Crypt:1)
  19 water moccasins
  2 demonspawn skeletons
  A deep troll skeleton (Crypt:3)
  4 black bears
  A two-headed ogre skeleton (Crypt:2)
  36 orc warriors
  19 laughing skulls
  2 elephant zombies (Lair:5)
  2 ice beasts (D:7)
  10 wolves
  A dream sheep zombie (Crypt:2)
  9 boggarts
  9 ogres
  14 centaurs
  A phantom (D:7)
  5 weeping skulls
  A human zombie (Vaults:3)
  A brain worm (Abyss:3)
  A kobold brigand (D:9)
  5 necrophages
  18 bullfrogs
  4 gnoll sergeants
  A naga simulacrum (Hell)
  8 small abominations
  A cane toad simulacrum (Lair:5)
  3 scorpions
  10 wights
  A warg skeleton (Crypt:1)
  A polar bear zombie (Crypt:3)
  2 elephant simulacra (Lair:5)
  A human simulacrum (Vaults:3)
  17 killer bees
  9 hounds
  4 bombardier beetles (D:5)
  A gnoll bouda (D:9)
  29 orc priests
  9 jellies
  An iguana (D:5)
  2 sleepcaps (D:6)
  A boggart zombie (D:12)
  3 human skeletons
  Ijyb (D:4)
  Natasha (twice) (D:2)
  48 orc wizards
  9 adders
  19 gnolls
  3 river rats (Sewer)
  A white imp (D:7)
  An ufetubus (Abyss:3)
  2 ribbon worms (D:2)
  4 dart slugs
  80 orcs
  14 ball pythons
  8 endoplasms
  9 giant cockroaches
  8 goblins
  12 hobgoblins
  8 jackals
  26 kobolds
  8 quokkas
  6 bats
  3 frilled lizards
  A hobgoblin skeleton (Crypt:3)
  15 rats
  2 aspiring fleshes
  6 starspawn tentacles (Abyss:3)
  4 tentacles
2652 creatures vanquished.

Vanquished Creatures (others)
  Asterion (Vaults:3)
  A death cob (Zot:1)
  Donald (Elf:3)
  A vault warden (Vaults:1)
  A draconian knight (Zot:5)
  A white draconian (Zot:4)
  A purple draconian (Zot:2)
  A satyr (Shoals:4)
  A deep elf zephyrmancer (Elf:2)
  A worldbinder (Abyss:3)
  A manticore (Lair:3)
  A merfolk siren (Shoals:1)
  A merfolk (Shoals:1)
  A snapping turtle (Shoals:1)
  A spriggan (Lair:4)
  A culicivora (Spider:4)
  A chaos spawn (Abyss:3)
  A gnoll bouda (D:9)
  An orc wizard (Orc:2)
  A lurking horror (Abyss:3)
  11 starspawn tentacles (Abyss:3)
  15 tentacles
46 creatures vanquished.

Grand Total: 2698 creatures vanquished

Notes
Turn   | Place    | Note
-------+----------+-------------------------------------------
     0 | D:1      | SnakkuSnakku7 the Merfolk Conjurer began the quest for the
                  | Orb.
     0 | D:1      | Reached XP level 1. HP: 13/13 MP: 3/3
    50 | D:1      | Reached skill level 1 in Fighting
   126 | D:1      | Reached XP level 2. HP: 22/22 MP: 0/5
   279 | D:1      | Reached skill level 1 in Shapeshifting
   465 | D:1      | Reached XP level 3. HP: 22/27 MP: 6/6
   584 | D:1      | Found a faded altar of an unknown god.
   584 | D:1      | Noticed a red devil
   998 | D:2      | Noticed Natasha
  1014 | D:2      | Killed Natasha
  1015 | D:2      | Reached XP level 4. HP: 10/33 MP: 5/7
  1704 | D:2      | Noticed Natasha
  1713 | D:2      | Killed Natasha
  1714 | D:2      | Reached XP level 5. HP: 21/38 MP: 0/8
  1995 | D:3      | Found a faded altar of an unknown god.
  2006 | D:3      | Reached skill level 5 in Shapeshifting
  2170 | D:3      | Found a sparkling altar of Nemelex Xobeh.
  2193 | D:3      | Found a runed translucent door.
  2193 | D:3      | Noticed Strat's ghost (amateur MfCj)
  2883 | D:3      | Reached XP level 6. HP: 39/44 MP: 9/9
  2992 | D:4      | Noticed Edmund
  3016 | D:4      | Killed Edmund
  3034 | D:4      | Noticed Ijyb
  3163 | D:4      | Killed Ijyb
  3277 | D:4      | Reached XP level 7. HP: 47/50 MP: 10/10
  3446 | D:4      | Reached skill level 1 in Unarmed Combat
  3688 | D:5      | Entered Level 5 of the Dungeon
  3797 | D:5      | Noticed a wyvern
  3926 | D:5      | Found a glowing drain.
  3944 | Sewer    | Entered a sewer
  4480 | D:5      | Killed a wyvern
  4481 | D:5      | Reached XP level 8. HP: 56/56 MP: 11/11
  5254 | D:6      | Noticed a hornet
  5259 | D:6      | Killed a hornet
  5260 | D:6      | Reached skill level 5 in Unarmed Combat
  5266 | D:6      | Noticed a hornet
  5274 | D:6      | Killed a hornet
  5275 | D:6      | Reached skill level 10 in Shapeshifting
  5587 | D:6      | Found a staircase to the Ecumenical Temple.
  5600 | Temple   | Entered the Ecumenical Temple
  5672 | Temple   | Became a worshipper of Ru the Awakened
  5800 | D:6      | Reached XP level 9. HP: 61/61 MP: 12/12
  6655 | D:7      | Noticed Maurice
  6660 | D:7      | Maurice stole a serpent talisman
  6665 | D:7      | Maurice stole 236 gold
  6668 | D:7      | Killed Maurice
  6669 | D:7      | Reached skill level 10 in Unarmed Combat
  6971 | D:7      | Found a hazy altar of Hepliaklqana.
  7126 | D:8      | Found a staircase to the Lair.
  7136 | D:8      | Noticed a komodo dragon
  7147 | D:8      | Gained mutation: You are hated by all. [Ru sacrifice]
  7147 | D:8      | Reached * piety under Ru
  7147 | D:8      | Reached ** piety under Ru
  7175 | D:8      | Reached XP level 10. HP: 67/67 MP: 13/13
  7185 | D:8      | Reached skill level 1 in Evocations
  7208 | D:8      | Noticed Grum
  7354 | D:8      | Found a bloodstained altar of Trog.
  7426 | D:8      | Killed Grum
  7451 | D:8      | Reached skill level 5 in Fighting
  7735 | D:8      | Noticed a lindwurm
  8214 | D:9      | Found a shimmering altar of Xom.
  8257 | D:9      | Found a white marble altar of Elyvilon.
  8350 | D:9      | Reached XP level 11. HP: 47/89 MP: 14/14
  8478 | D:9      | Gained mutation: You are somewhat unskilled. (-1 Apt) [Ru
                  | sacrifice]
  8478 | D:9      | Reduced skill Spellcasting to level 1
  8478 | D:9      | Reached *** piety under Ru
  8545 | D:9      | Found Toickena's Weapon Boutique.
  8698 | D:10     | Entered Level 10 of the Dungeon
  8772 | D:10     | Reached skill level 10 in Shapeshifting
  8894 | D:10     | Found a flagged portal.
  8908 | Bailey   | Entered a bailey
  8989 | Bailey   | Noticed an orc knight
  9012 | Bailey   | Killed an orc knight
  9138 | Bailey   | Found a large runed translucent door.
  9138 | Bailey   | Found a large runed translucent door.
  9139 | Bailey   | Noticed a deep elf pyromancer
  9227 | Bailey   | Killed a deep elf pyromancer
  9228 | Bailey   | Reached skill level 10 in Fighting
  9743 | Lair:1   | Entered Level 1 of the Lair of Beasts
  9746 | Lair:1   | Reached skill level 5 in Dodging
 10003 | Lair:1   | Reached XP level 12. HP: 31/97 MP: 14/14
 10278 | Lair:1   | Found a bloodstained altar of Trog.
 10595 | Lair:2   | Noticed a skyshark
 10595 | Lair:2   | Noticed a skyshark
 10612 | Lair:2   | Killed a skyshark
 10646 | Lair:2   | Killed a skyshark
 10659 | Lair:2   | Noticed a boulder beetle
 10691 | Lair:2   | Killed a boulder beetle
 10788 | Lair:2   | Found a large runed translucent door.
 10788 | Lair:2   | Found a large runed translucent door.
 10791 | Lair:2   | Noticed Xudgha's ghost (journeyman MiFi)
 10801 | Lair:2   | Gained mutation: You cannot study or use magical devices.
                  | [Ru sacrifice]
 10801 | Lair:2   | Reached **** piety under Ru
 10801 | Lair:2   | Reached ***** piety under Ru
 10821 | Lair:2   | Noticed a skyshark
 10833 | Lair:2   | Killed a skyshark
 11752 | Lair:2   | Killed Xudgha's ghost
 12009 | Lair:3   | Found a hole to the Spider Nest.
 12114 | Lair:3   | Found a staircase to the Shoals.
 12261 | Lair:3   | Reached skill level 15 in Shapeshifting
 12274 | Lair:3   | Noticed a six-headed hydra
 12281 | Lair:3   | Killed a six-headed hydra
 12313 | Lair:3   | Reached XP level 13. HP: 103/103 MP: 15/15
 12629 | Lair:3   | Found a runed translucent gate.
 12629 | Lair:3   | Found a runed translucent gate.
 12630 | Lair:3   | Found a runed translucent gate.
 12630 | Lair:3   | Noticed Laqueoixx's ghost (journeyman OpSh)
 12669 | Lair:3   | Killed Laqueoixx's ghost
 13129 | Lair:4   | Gained mutation: You are somewhat inexperienced. (-1 XL)
                  | [Ru sacrifice]
 13129 | Lair:4   | Reached XP level 12. HP: 126/126 MP: 14/14
 13129 | Lair:4   | Reached ****** piety under Ru
 13436 | Temple   | Fell from the grace of Ru
 13436 | Temple   | Became a worshipper of Warmaster Okawaru
 13882 | Lair:4   | Noticed a fire dragon
 13895 | Lair:4   | Killed a fire dragon
 13942 | Lair:4   | Identified the ring "Qoshruh" {*Slow rPois EV+5 Dex+3}
 14166 | Lair:5   | Entered Level 5 of the Lair of Beasts
 14200 | Lair:5   | Reached * piety under Okawaru
 14287 | Lair:5   | Found a staircase to the Slime Pits.
 14345 | Lair:5   | Noticed a dire elephant
 14345 | Lair:5   | Noticed a dire elephant
 14426 | Lair:5   | Reached ** piety under Okawaru
 14428 | Lair:5   | Reached skill level 1 in Invocations
 14605 | Lair:5   | Reached *** piety under Okawaru
 14657 | Lair:5   | Reached skill level 5 in Invocations
 14657 | Lair:5   | Reached XP level 13. HP: 103/103 MP: 16/16
 15450 | Lair:5   | Reached **** piety under Okawaru
 15593 | Lair:5   | Noticed a dire elephant
 15601 | Lair:5   | Killed a dire elephant
 15805 | Lair:5   | Killed a dire elephant
 15853 | Lair:5   | Killed a dire elephant
 15853 | Lair:5   | Reached ***** piety under Okawaru
 15884 | Lair:5   | Identified the ring of the Ban {rC++ AC+4}
 16128 | D:3      | Killed Strat's ghost
 16448 | D:11     | Reached skill level 10 in Invocations
 16549 | D:11     | Reached skill level 1 in Shields
 17115 | D:11     | Identified a scroll of acquirement
 17115 | D:11     | Acquired a manual of Shapeshifting
 17351 | D:12     | Received a gift from Okawaru
 17361 | D:12     | Found a staircase to the Orcish Mines.
 17508 | D:12     | Reached skill level 5 in Shields
 17770 | Orc:1    | Entered Level 1 of the Orcish Mines
 17770 | Orc:1    | Found Momaraodgh's Self-Improvement Boutique.
 18256 | Orc:2    | Entered Level 2 of the Orcish Mines
 18257 | Orc:2    | Noticed Sonja
 18270 | Orc:2    | Killed Sonja
 18271 | Orc:2    | Reached XP level 14. HP: 110/110 MP: 21/21
 18277 | Orc:2    | Received a gift from Okawaru
 18544 | Orc:2    | Found Duicatoczue's Antique Armour Shoppe.
 18544 | Orc:2    | Found Yddanto's Assorted Antiques.
 18544 | Orc:2    | Found Maal's Book Shoppe.
 18548 | Orc:2    | Found Tikhufaf's Antique Armour Emporium.
 18572 | Orc:2    | Bought a polished cloak for 313 gold pieces
 18572 | Orc:2    | Identified the +0 cloak "Dann" {^Drain Str+5} (You bought
                  | it in a shop on level 2 of the Orcish Mines)
 18575 | Orc:2    | Bought a metallic coppery potion for 28 gold pieces
 18575 | Orc:2    | Bought a scroll of identify for 64 gold pieces
 18575 | Orc:2    | Bought a scroll of teleportation for 96 gold pieces
 18575 | Orc:2    | Bought a scroll of teleportation for 96 gold pieces
 18576 | Orc:2    | Bought a shiny buckler for 172 gold pieces
 18576 | Orc:2    | Bought a pair of embroidered boots for 172 gold pieces
 18577 | Orc:2    | Bought a pair of embroidered gloves for 247 gold pieces
 18764 | Orc:2    | Found Taemopaw's Weapon Emporium.
 18811 | Orc:2    | Paralysed by an orc sorcerer for 5 turns
 18855 | Orc:2    | Found a staircase to the Elven Halls.
 18967 | D:13     | Found a gate to the Vaults.
 19117 | D:13     | Received a gift from Okawaru
 19560 | D:13     | Reached skill level 10 in Shields
 19733 | D:13     | Found a sparkling altar of Nemelex Xobeh.
 20276 | D:14     | Found a gate leading to a gauntlet.
 20284 | Gauntlet | Entered a Gauntlet
 20284 | Gauntlet | Found a transporter.
 20287 | Gauntlet | Found a transporter.
 20299 | Gauntlet | Found a transporter.
 20303 | Gauntlet | Found a transporter.
 20315 | Gauntlet | Found a transporter.
 20333 | Gauntlet | Found a transporter.
 20346 | Gauntlet | Found a transporter.
 20348 | Gauntlet | Noticed a cacodemon
 20434 | Gauntlet | Identified the ring of Roenot {rN+ EV+5}
 20451 | Gauntlet | Gained mutation: You sometimes lose your temper in combat.
                  | [a neqoxec]
 20464 | Gauntlet | Reached ****** piety under Okawaru
 20478 | Gauntlet | Identified the +0 cloak of Efaano {rF+}
 20524 | Gauntlet | Lost mutation: You sometimes lose your temper in combat.
                  | [potion of mutation]
 20524 | Gauntlet | Gained mutation: You are occasionally teleported next to
                  | monsters. [potion of mutation]
 20532 | Gauntlet | Identified the +2 shortbow "Ximpapen" {speed, rPois Str+3
                  | Int+2 Dex-3}
 20575 | Gauntlet | Lost mutation: You are occasionally teleported next to
                  | monsters. [potion of mutation]
 20575 | Gauntlet | Gained mutation: Your spells are a little easier to cast,
                  | but a little less powerful. [potion of mutation]
 20672 | D:14     | Received a gift from Okawaru
 20971 | D:14     | Noticed Agnes
 20979 | D:14     | Killed Agnes
 20980 | D:14     | Found a transporter.
 21034 | D:14     | Noticed an acid blob
 21136 | D:14     | Reached XP level 15. HP: 115/115 MP: 22/22
 21411 | D:14     | Found a transporter.
 21535 | D:14     | Killed an acid blob
 21535 | D:14     | Received a gift from Okawaru
 21577 | D:15     | Entered Level 15 of the Dungeon
 21875 | D:15     | Identified the ring "Emex" {rF- rN+++ Int-2 Dex+4 Slay+4}
 22301 | D:15     | Found a staircase to the Depths.
 22578 | D:15     | Found a shimmering blue altar of Sif Muna.
 22604 | D:15     | Acquired the scarf of Qizeexu {+Inv, Rampage Str+4}
 22604 | D:15     | Received a gift from Okawaru
 22852 | Spider:1 | Entered Level 1 of the Spider Nest
 23087 | Spider:1 | Received a gift from Okawaru
 23232 | Spider:1 | Found the +6 lightning scales {swift, rElec}
 23465 | Spider:2 | Reached skill level 15 in Unarmed Combat
 23606 | Spider:2 | Received a gift from Okawaru
 24201 | Spider:2 | Received a gift from Okawaru
 24392 | Spider:2 | Reached XP level 16. HP: 122/122 MP: 23/23
 24691 | Spider:3 | Noticed Roxanne
 24742 | Spider:3 | Received a gift from Okawaru
 25598 | Spider:4 | Entered Level 4 of the Spider Nest
 25734 | Spider:4 | Received a gift from Okawaru
 25832 | Spider:3 | Killed Roxanne
 26128 | Spider:4 | Received a gift from Okawaru
 26386 | Spider:4 | Found the +2 hood of the Assassin {Detect Stab+ Stlth++}
 26449 | Spider:4 | Reached XP level 17. HP: 128/128 MP: 24/24
 26493 | Spider:4 | Got a gossamer rune of Zot
 26520 | Spider:4 | Noticed Arachne
 26526 | Arena    | Entered the Arena
 26537 | Arena    | Killed Arachne
 26735 | Spider:4 | Found a runed translucent door.
 26736 | Spider:4 | Noticed Sirjeffry24's ghost (adept HOFi)
 26968 | Spider:4 | Killed Sirjeffry24's ghost
 27084 | Shoals:1 | Entered Level 1 of the Shoals
 27097 | Arena    | Entered the Arena
 27265 | Shoals:1 | Received a gift from Okawaru
 27341 | Shoals:1 | Reached skill level 10 in Dodging
 27650 | Shoals:1 | Found Learakh's Armour Emporium.
 27716 | Shoals:2 | Received a gift from Okawaru
 27906 | Shoals:2 | Found a glowing silver altar of Zin.
 28016 | Shoals:2 | Noticed Polyphemus
 28025 | Shoals:2 | Killed Polyphemus
 28109 | Shoals:3 | Received a gift from Okawaru
 28582 | Shoals:3 | Received a gift from Okawaru
 28589 | Shoals:4 | Entered Level 4 of the Shoals
 28604 | Shoals:4 | Reached skill level 15 in Dodging
 28605 | Shoals:4 | Reached XP level 18. HP: 35/136 MP: 25/25
 28655 | Shoals:4 | Noticed Mlioglotl
 28753 | Shoals:4 | Killed Mlioglotl
 28768 | Shoals:4 | Identified the +5 falchion of Earthquakes {heavy, rF+}
 28991 | Shoals:4 | Received a gift from Okawaru
 29006 | Shoals:4 | Got a barnacled rune of Zot
 29500 | D:8      | Found the +8 longbow "Zephyr" {speed, Dex+3 SInv}
 29526 | D:8      | Identified the ring of Wekligh {rC+ Int+6}
 29656 | Vaults:1 | Entered Level 1 of the Vaults
 29861 | Vaults:1 | Received a gift from Okawaru
 30189 | Vaults:1 | Received a gift from Okawaru
 30274 | Vaults:1 | Reached skill level 15 in Fighting
 30555 | Vaults:1 | You fall into a shaft and drop 1 floor!
 30578 | Vaults:2 | Found a staircase to the Crypt.
 30578 | Vaults:2 | Found an ancient bone altar of Kikubaaqudgha.
 30651 | Crypt:1  | Entered Level 1 of the Crypt
 30721 | Crypt:1  | Reached XP level 19. HP: 146/155 MP: 26/26
 30902 | Crypt:1  | Found an ancient bone altar of Kikubaaqudgha.
 30908 | Crypt:1  | Received a gift from Okawaru
 30927 | Crypt:1  | Paralysed by something for 5 turns
 30983 | Crypt:1  | Noticed Mennas
 31274 | Crypt:1  | Identified the +3 hand axe of Blood {flame, rN+ Dex+3}
 31327 | Crypt:1  | Killed Mennas
 31584 | Crypt:1  | Noticed a bone dragon
 31605 | Crypt:1  | Killed a bone dragon
 31816 | Crypt:2  | Identified the +2 plate armour "Quss" {^Contam Regen+ Int+2
                  | Dex+9}
 31840 | Crypt:1  | Received a gift from Okawaru
 31853 | Crypt:2  | Paralysed by a vampire knight for 3 turns
 32026 | Crypt:1  | Paralysed by something for 2 turns
 32439 | Crypt:2  | Got the Parchment of the Deep Freeze and Points
 32688 | Crypt:3  | Entered Level 3 of the Crypt
 32705 | Crypt:3  | Noticed an ancient lich
 32719 | Crypt:2  | Received a gift from Okawaru
 32781 | Crypt:2  | Killed an ancient lich
 33117 | Crypt:3  | Identified the blade talisman of Lesser Demons {rN+}
 33166 | Crypt:3  | Reached XP level 20. HP: 174/174 MP: 27/27
 33170 | Crypt:3  | Paralysed by something for 2 turns
 33210 | Crypt:3  | Received a gift from Okawaru
 33419 | Crypt:3  | Noticed Jory
 33439 | Crypt:3  | Killed Jory
 33548 | Crypt:3  | Got the Quarto of the Gift
 33552 | Crypt:3  | Identified the staff "Axiar" {rElec Str+2 Int-5 Dex+3 Conj}
 33596 | Crypt:3  | Paralysed by something for 3 turns
 33740 | Crypt:3  | Found a staircase to the Tomb.
 34113 | Crypt:3  | Received a gift from Okawaru
 34139 | Crypt:3  | Got Kikubaaqudgha's Incunabulum of Nightshade
 34226 | Crypt:3  | Identified the ring of Liberty {rN+ Int+5}
 34316 | Crypt:3  | Identified the ring "Xunul" {rN+ Str+2}
 34626 | Vaults:1 | Found Efuutz's Jewellery Shoppe.
 34634 | Vaults:1 | Bought the amulet "Deadwesa" {Spirit Rampage Regen+ Dex+3}
                  | for 822 gold pieces
 34668 | Vaults:1 | Identified the +0 chain mail of the Fiddle {rCorr MP+9}
 34941 | Vaults:2 | Received a gift from Okawaru
 35046 | Vaults:2 | Identified the +10 plate armour of Farfalle {^Drain Str+7
                  | Dex+5}
 35540 | Vaults:2 | Identified the +4 whip of the Dungeon {protect, rPois}
 36075 | Vaults:3 | Reached XP level 21. HP: 183/183 MP: 28/28
 36077 | Vaults:3 | Received a gift from Okawaru
 36297 | Vaults:3 | Noticed Asterion
 36308 | Vaults:3 | Killed Asterion
 36833 | Vaults:3 | Identified the ring of Paonepir {rPois AC+4 Str+4 Stlth+}
 36835 | Vaults:3 | Identified the +6 whip "Sonargh" {venom, *Rage rN+ Dex+4
                  | SInv}
 36852 | Vaults:3 | Received a gift from Okawaru
 36885 | Vaults:3 | Identified the staff "Biazawol" {rN+ rCorr Necro}
 37557 | Vaults:4 | Received a gift from Okawaru
 37597 | Vaults:4 | Identified the +1 leather armour "Ecsuer" {Harm rElec Str+4
                  | Stlth-}
 37599 | Vaults:4 | Noticed Mara
 37601 | Vaults:4 | Noticed SnakkuSnakku7's illusion
 37615 | Vaults:4 | Noticed SnakkuSnakku7's illusion
 37736 | Vaults:4 | Noticed SnakkuSnakku7's illusion
 37738 | Vaults:4 | Killed Mara
 37917 | Vaults:4 | Paralysed by a sphinx for 5 turns
 37947 | Vaults:4 | Received a gift from Okawaru
 38249 | Vaults:4 | Reached XP level 22. HP: 190/190 MP: 29/29
 38854 | Vaults:4 | Found Peisimm's Weapon Emporium.
 38916 | Vaults:5 | Entered Level 5 of the Vaults
 39042 | Vaults:4 | Received a gift from Okawaru
 39129 | Vaults:5 | Noticed a golden dragon
 39202 | Arena    | Entered the Arena
 39291 | Vaults:5 | Killed a golden dragon
 39324 | Vaults:5 | Identified the +9 rapier of Superiority {heavy, rF- Int+3}
 39378 | Vaults:5 | Reached skill level 5 in Stealth
 39408 | Vaults:5 | Received a gift from Okawaru
 39631 | Vaults:5 | Noticed an ancient lich
 39645 | Vaults:5 | Killed an ancient lich
 39674 | Vaults:5 | Identified the amulet "Irchuime" {rN+ Will++ Regen+ MP-9}
 39711 | Vaults:5 | Identified the ring "Pixyaw" {Wiz SInv}
 39722 | Vaults:5 | Got a silver rune of Zot
 39738 | Vaults:5 | Identified the +4 pair of boots "Jaumm" {Str+6}
 39818 | Vaults:5 | Noticed a dread lich
 39825 | Vaults:5 | Killed a dread lich
 39854 | Vaults:5 | Received a gift from Okawaru
 39859 | Vaults:5 | Reached skill level 10 in Stealth
 40018 | Vaults:5 | Identified the +3 trident "Suitziral" {flame, Dex+5}
 40028 | Vaults:5 | Reached XP level 23. HP: 125/196 MP: 13/30
 40403 | Vaults:5 | Identified the +2 hand axe "Acarineslayer" {freeze, rN+
                  | Int+3}
 40463 | Vaults:5 | Received a gift from Okawaru
 40727 | Vaults:5 | Identified the +1 robe of Insecurity {Regen+ Str+2
                  | Archmagi}
 41077 | Elf:1    | Entered Level 1 of the Elven Halls
 41525 | Elf:1    | Found Ehemmiz's Magic Scroll Shoppe.
 41534 | Elf:1    | Bought a scroll of teleportation for 51 gold pieces
 41534 | Elf:1    | Bought a scroll of teleportation for 51 gold pieces
 41534 | Elf:1    | Bought a scroll of fog for 68 gold pieces
 42008 | Elf:2    | Paralysed by an air elemental for 1 turns
 42126 | Elf:3    | Entered Level 3 of the Elven Halls
 42129 | Elf:3    | Noticed Donald
 42148 | Elf:3    | Killed Donald
 42152 | Elf:3    | Paralysed by an air elemental for 1 turns
 42158 | Elf:2    | Paralysed by an air elemental for 1 turns
 42160 | Elf:2    | Paralysed by an air elemental for 1 turns
 42534 | Elf:3    | Found Eqo Qesh's Jewellery Shop.
 42719 | Elf:3    | Received a gift from Okawaru
 43057 | Abyss:3  | Cast into level 3 of the Abyss (a ghostly deep elf
                  | sorcerer)
 43069 | Elf:3    | Escaped the Abyss
 43069 | Elf:3    | Gained mutation: Your magical capacity is low. (-10% MP) [a
                  | cacodemon]
 43071 | Elf:3    | Gained mutation: You have hidden genetic defects. [a
                  | cacodemon]
 43086 | Abyss:3  | Found a corrupted altar of Lugonu.
 43086 | Abyss:3  | Cast into level 3 of the Abyss (a ghostly deep elf
                  | sorcerer)
 43412 | Abyss:3  | Gained mutation: You have supernaturally acute eyesight.
                  | (SInv) [a neqoxec]
 43439 | Abyss:3  | Received a gift from Okawaru
 43458 | Abyss:3  | Gained mutation: You sometimes lose your temper in combat.
                  | [hidden defects]
 43524 | Abyss:3  | Got an abyssal rune of Zot
 43556 | Abyss:3  | Reached XP level 24. HP: 204/204 MP: 22/27
 43576 | Elf:3    | Escaped the Abyss
 43583 | Arena    | Entered the Arena
 43749 | Elf:3    | Acquired a manual of Invocations
 43805 | Elf:3    | Identified the +1 cloak of Jigsaw {rF- Int+5 Dex+3}
 43832 | Elf:3    | Got Ocirav's Elucidation of the Volley
 43859 | Elf:3    | Identified the staff of Wokhaiw {rF- rC+ Int+4 Stlth+ Necro
                  | Ice}
 43865 | Elf:3    | Identified the +1 chain mail "Haet" {rC- Will+++ Stlth+}
 44039 | Elf:2    | Received a gift from Okawaru
 44091 | Elf:2    | Gained mutation: You are clumsy. (Dex -2) [hidden defects]
 44091 | Elf:2    | Lost mutation: You have hidden genetic defects. [hidden
                  | defects expressed]
 44235 | Elf:2    | Identified the blade talisman "Huzoxt" {Fly rElec Will-
                  | Str+2 Dex-3}
 44471 | Elf:2    | Found a runed translucent gate.
 44471 | Elf:2    | Found a runed translucent gate.
 44471 | Elf:2    | Found a runed translucent gate.
 44508 | Elf:2    | Lost mutation: Your spells are a little easier to cast, but
                  | a little less powerful. [potion of mutation]
 44508 | Elf:2    | Lost mutation: You sometimes lose your temper in combat.
                  | [potion of mutation]
 44508 | Elf:2    | Lost mutation: Your magical capacity is low. (-10% MP)
                  | [potion of mutation]
 44508 | Elf:2    | Gained mutation: Potions are less effective at restoring
                  | your health. [potion of mutation]
 44509 | Elf:2    | Lost mutation: You have supernaturally acute eyesight.
                  | (SInv) [potion of mutation]
 44509 | Elf:2    | Lost mutation: You are clumsy. (Dex -2) [potion of
                  | mutation]
 44509 | Elf:2    | Gained mutation: You have a pair of small antennae on your
                  | head. [potion of mutation]
 44510 | Elf:2    | Lost mutation: You have a pair of small antennae on your
                  | head. [potion of mutation]
 44510 | Elf:2    | Lost mutation: Potions are less effective at restoring your
                  | health. [potion of mutation]
 44510 | Elf:2    | Gained mutation: You have a pair of small horns on your
                  | head. [potion of mutation]
 44510 | Elf:2    | Gained mutation: You are dopey. (Int -2) [potion of
                  | mutation]
 44510 | Elf:2    | Gained mutation: You are agile. (Dex +4, Str/Int -1)
                  | [potion of mutation]
 45220 | Depths:1 | Entered Level 1 of the Depths
 45225 | Depths:1 | Noticed the Enchantress
 45255 | D:15     | Killed the Enchantress
 45463 | Depths:1 | Received a gift from Okawaru
 45479 | Depths:1 | Found a one-way gate leading to the halls of Pandemonium.
 45486 | Depths:1 | Reached skill level 15 in Invocations
 45616 | Depths:1 | Found Pisy's Weapon Emporium.
 45658 | Depths:1 | Found a one-way gate to the infinite horrors of the Abyss.
 45831 | Depths:1 | Found a gateway to Hell.
 46059 | Depths:1 | Found a hide-covered altar of Uskayaw.
 46391 | Depths:2 | Found a one-way gateway to a ziggurat.
 46420 | Zig:1    | Entered Level 1 of a ziggurat
 46420 | Zig:1    | Noticed Noskijih the pandemonium lord
 46429 | Zig:1    | Killed Noskijih the pandemonium lord
 46538 | Depths:2 | Received a gift from Okawaru
 46929 | Depths:2 | Reached skill level 15 in Shields
 47221 | Depths:2 | Reached XP level 25. HP: 210/210 MP: 29/35
 47273 | Depths:3 | Received a gift from Okawaru
 47522 | Depths:3 | You fall into a shaft and drop 1 floor!
 47522 | Depths:4 | Entered Level 4 of the Depths
 47864 | Depths:4 | Received a gift from Okawaru
 47949 | Depths:4 | Found a gate to the Realm of Zot.
 48131 | Depths:4 | Received a gift from Okawaru
 48185 | Depths:4 | Got the Encyclopedia of the Curious Runes
 48821 | Depths:3 | Found a glowing golden altar of the Shining One.
 49404 | Hell     | Entered the Vestibule of Hell
 49404 | Hell     | Noticed Geryon
 49420 | Arena    | Entered the Arena
 49430 | Arena    | Killed Geryon
 49454 | Depths:3 | Received a gift from Okawaru
 49795 | Depths:3 | Reached XP level 26. HP: 93/218 MP: 10/35
 50008 | Hell     | Found a gateway to the freezing wastes of Cocytus.
 50103 | Hell     | Found a gateway to the Iron City of Dis.
 50164 | Hell     | Found a gateway to the ashen valley of Gehenna.
 50247 | Hell     | Found a gateway to the decaying netherworld of Tartarus.
 50554 | Zot:1    | Entered Level 1 of the Realm of Zot
 50690 | Zot:1    | Received a gift from Okawaru
 51105 | Zot:2    | Noticed an orb of fire
 51108 | Zot:2    | Gained mutation: You are vulnerable to cold. (rC-) [an orb
                  | of fire]
 51108 | Zot:2    | Gained mutation: You are very dopey. (Int -4) [an orb of
                  | fire]
 51263 | Arena    | Entered the Arena
 51266 | Arena    | Gained mutation: Your body sometimes deteriorates upon
                  | taking damage. [an orb of fire]
 51271 | Arena    | Killed an orb of fire
 51316 | Zot:2    | Received a gift from Okawaru
 51504 | Zot:2    | Noticed an orb of fire
 51508 | Zot:2    | Gained mutation: Potions are less effective at restoring
                  | your health. [an orb of fire]
 51509 | Zot:2    | Gained mutation: You are weak. (Str -2) [an orb of fire]
 51526 | Zot:2    | Killed an orb of fire
 51597 | Zot:1    | Lost mutation: You are agile. (Dex +4, Str/Int -1) [potion
                  | of mutation]
 51597 | Zot:1    | Lost mutation: You are very dopey. (Int -4) [potion of
                  | mutation]
 51597 | Zot:1    | Gained mutation: Your spells are a little easier to cast,
                  | but a little less powerful. [potion of mutation]
 51597 | Zot:1    | Gained mutation: You are agile. (Dex +4, Str/Int -1)
                  | [potion of mutation]
 52044 | Zot:4    | Found the +4 dragonskin cloak
 52044 | Zot:4    | Noticed Tiamat
 52051 | Zot:4    | Received a gift from Okawaru
 52090 | Zot:4    | Killed Tiamat
 52543 | Zot:4    | Got Cyleniu's Cyclopedia of the Luminous Crevasse
 52591 | Zot:4    | Identified the +3 pair of gloves "Jaut" {Dex+4 Stlth+}
 52851 | Zot:4    | Received a gift from Okawaru
 52924 | Zot:5    | Entered Level 5 of the Realm of Zot
 53164 | Zot:5    | Identified the +3 scale mail "Byadir Lasio" {Str+8}
 53410 | Zot:5    | Noticed an ancient lich
 53418 | Zot:5    | Killed an ancient lich
 53467 | Zot:5    | Noticed an ancient lich
 53497 | Zot:5    | Received a gift from Okawaru
 53626 | Zot:5    | Killed an ancient lich
 53735 | Zot:5    | Noticed an ancient lich
 53739 | Zot:5    | Killed an ancient lich
 53765 | Zot:5    | Noticed a dread lich
 53780 | Zot:5    | Killed a dread lich
 53802 | Zot:5    | Noticed an orb of fire
 53808 | Zot:5    | Gained mutation: You sometimes lose your temper in combat.
                  | [an orb of fire]
 53815 | Zot:5    | Gained mutation: You do not regenerate when monsters are
                  | visible. [an orb of fire]
 53817 | Zot:5    | Killed an orb of fire
 53843 | Zot:5    | Noticed an ancient lich
 53860 | Zot:5    | Killed an ancient lich
 53986 | Zot:5    | Received a gift from Okawaru
 54009 | Zot:5    | Noticed an orb of fire
 54018 | Zot:5    | Gained mutation: You occasionally shout uncontrollably at
                  | your foes. [an orb of fire]
 54026 | Zot:5    | Gained mutation: Your magical capacity is low. (-10% MP)
                  | [an orb of fire]
 54028 | Zot:5    | Lost mutation: You are agile. (Dex +4, Str/Int -1) [an orb
                  | of fire]
 54029 | Zot:5    | Killed an orb of fire
 54096 | Zot:5    | Noticed an ancient lich
 54104 | Zot:5    | Killed an ancient lich
 54222 | Zot:5    | Noticed an ancient lich
 54235 | Zot:5    | Killed an ancient lich
 54250 | Zot:5    | Gained mutation: You are frail. (-10% HP) [mutagenic glow]
 54260 | Zot:5    | Gained mutation: Potions cannot restore your health.
                  | [mutagenic glow]
 54292 | Zot:5    | Noticed an orb of fire
 54297 | Zot:5    | Gained mutation: Your body often deteriorates upon taking
                  | damage. [an orb of fire]
 54299 | Zot:5    | Gained mutation: You are clumsy. (Dex -2) [an orb of fire]
 54302 | Zot:5    | Gained mutation: Armour fits poorly on your strangely
                  | shaped body. [an orb of fire]
 54304 | Zot:5    | Killed an orb of fire
 54407 | Zot:5    | Received a gift from Okawaru
 54648 | Zot:5    | Got the Orb of Zot
 55280 | D:$      | Escaped with the Orb!

Illustrated notes

Levels and vault maps discovered:
D:1:      tarquinn_simple_flora_water_c, layout_loops_ring,
          dreamdust_ecumenical_altar_sealed_demon
D:2:      layout_loops_ring, uniq_natasha
D:3:      layout_basic, nicolae_overflow_ecumenical_swirl,
          hellmonk_ghost_happy_afterlife
D:4:      minmay_door_path, layout_rooms, uniq_ijyb, uniq_edmund
D:5:      layout_loops_corners, gup_sewer_entry_pipe, kennysheep_cluttered_room,
          minmay_manual_mess
D:6:      layout_loops_ring, minmay_temple_entry_steel_oval
D:7:      layout_rooms, worldfamousw_hep_ancestral_shrine, uniq_maurice
D:8:      layout_rooms, mainiacjoe_overflow_alcove_4,
          due_lair_maze_entry_diamond, minmay_lindwurm_lava, uniq_grum
D:9:      layout_big_octagon, mainiacjoe_overflow_catch_the_wave,
          serial_gnoll_camp, gnoll_camp_mini_loothouse, gnoll_camp_mini_shop,
          gnoll_camp_huts_basic, gnoll_camp_medium_01
D:10:     layout_roguey, enter_bailey_4
D:11:     layout_basic, grunt_ministairs_11
D:12:     layout_cave_pools, david_orc_2, nicolae_yredelemnul_corpse_copse
D:13:     kennysheep_ambush_hall, layout_stronghold, david_vaults_3,
          serial_bayou_lagoon_a, serial_library_hellmonk_layered_room,
          nemelex_xobeh_ov_fountains_minmay
D:14:     gammafunk_cloud_chamber, layout_stronghold, gauntlet_entry_generic,
          fedhas_altar_1, uniq_agnes
D:15:     gammafunk_enter_depths_forms, layout_basic, kennysheep_orc_sif_temple
Temple:   minmay_temple_bridge_d
Lair:1:   layout_loops_ring, basic_altar, beast_lair_carwin_3
Lair:2:   layout_small_grid, ebering_ghost_disaster_area, serial_bayou_shore_b
Lair:3:   layout_cave_pods, minmay_shoals_entry_beasts,
          hellmonk_spider_entry_not_the_bees, gammafunk_ghost_ooze,
          serial_bayou_shore_b
Lair:4:   dragon1_lemuel, layout_hall_layers, wad_woods_01, grunt_megastairs_4
Lair:5:   due_jungle_book, layout_layer_cave, slime_entry_1
Shoals:1: layout_shoals, serial_shops, shop, st_sunken_huts
Shoals:2: layout_shoals, nicolae_shoals_circle_sea_wall, lemuel_centaur_altar,
          uniq_polyphemus
Shoals:3: layout_shoals, centaur_isle
Shoals:4: shoals_end_grunt_garden, layout_shoals, uniq_mlioglotl
Spider:1: layout_cave_pods
Spider:2: layout_spider_delve, nicolae_spider_world_wide_web
Spider:3: layout_spider_delve, nicolae_spider_jagged_tunnels, uniq_roxanne
Spider:4: grunt_spider_rune_island, gammafunk_ghost_grave, uniq_arachne
Orc:1:    layout_caves, nicolae_shop_self_help
Orc:2:    st_orc_mages, layout_caves, serial_shops, shop, mines1_david,
          uniq_sonja
Elf:1:    minmay_elf_arrival_circle, layout_gridlike, serial_shops,
          nicolae_lakefront_shop, nicolae_elf_blasts_and_bolts
Elf:2:    elven_hall_of_blades_hangedman_original [nicolae_blade_bullseye],
          layout_geoelf_grid
Elf:3:    minmay_elf_hall_x, layout_loops_ring, serial_shops,
          nicolae_square_shop, serial_glass, glass_columns_a, glass_columns_a,
          uniq_donald
Vaults:1: hangedman_vaults_impose, nicolae_vaults_puzzle_piece,
          nicolae_vaults_three_branches, nicolae_vaults_more_shelving_1,
          nicolae_vaults_network_star, nicolae_vaults_diagonal_hallway_8,
          vaults_room_hangedman_quadrants, grunt_vaults_hallway_short,
          nicolae_vaults_house_1, layout_vaults_ring, serial_shops, shop
Vaults:2: ontoclasm_vaults_hangar, nicolae_vaults_ring_of_whatevers,
          minmay_crypt_entry_necro_gods, vaults_room_door_ring,
          ontoclasm_vaults_shuriken, grunt_vaults_funnel,
          vaults_room_grunt_arrival_checkpoint, v_pattern_1,
          hangedman_vaults_stitches, st_hourglassy,
          nicolae_vaults_yaktaur_gun_rack, vaults_room_semicircle,
          hangedman_vaults_capsules, nicolae_vaults_trapezoid_lopsided_1,
          nicolae_vaults_house_1, layout_vaults_omnicross
Vaults:3: vaults_dpeg_encased_lava, dpeg_vaults_monster_box,
          nicolae_vaults_prndl, v_rooms_2, hangedman_vaults_hat,
          nicolae_vaults_storing_the_good_stuff, v_misc_30,
          ontoclasm_vaults_gateway, hangedman_vaults_river_flow,
          nicolae_vaults_storage_closets_2, nicolae_vaults_little_squares_6,
          ontoclasm_vaults_ring_square, nicolae_vaults_little_squares_5,
          layout_vaults_maze_bifur, uniq_asterion
Vaults:4: v_misc_3, hangedman_vaults_trim, ontoclasm_vaults_loading_screen,
          nicolae_vaults_little_squares_3, nicolae_vaults_ninety_degrees,
          nicolae_vaults_swerve, nicolae_vaults_wrenched,
          nicolae_vaults_six-pack, ontoclasm_vaults_ligature,
          layout_vaults_omnigrid, serial_shops,
          nicolae_shop_bloodbath_and_beyond, uniq_mara
Vaults:5
Crypt:1:  cheibrodos_crypt_draghalla, layout_misc_corridors, minivault_11,
          st_stairs_1, hangedman_feature_mirror, uniq_mennas
Crypt:2:  layout_misc_corridors, st_stairs_7
Crypt:3:  church_of_pain_bobbens, layout_chaotic_city, grunt_ministairs_13,
          serial_sigils_hangedman_leer, minivault_4
Depths:1: layout_basic, hellmouth_2, serial_glass, glass_columns_b,
          glass_columns_a, serial_shops, shop, abyss_entry_small_statue_room,
          rand_demon_pan_entry_7, nicolae_uskayaw_en_pointe, uniq_enchantress
Depths:2: kennysheep_blocky_room, layout_cave_pools, enter_ziggurat_a,
          serial_bayou_pond_e, hangedman_tar_grid_catacomb,
          grunt_pan_entry_sceptre
Depths:3: minmay_the_grid_3x2 [minmay_the_grid_diamond_grid,
          minmay_the_grid_large_cup, minmay_the_grid_dragon_b,
          minmay_the_grid_rooms, minmay_the_grid_outer_diamond,
          minmay_the_grid_prize_big_room], layout_long_grid, tso_altar,
          abyss_entry_glasseish, pf_hell_entry_great_geh, bh_walls_and_bars
Depths:4: evilmike_zot_entry_gauntlet, layout_gridlike, pf_coc_iceberg,
          pan_entry, hangedman_abyss_entry_splay, minmay_misc_feat_rugged,
          serial_sigils, serial_sigils_hangedman_scar,
          serial_sigils_hangedman_etch, serial_sigils_hangedman_quiver,
          serial_sigils_hangedman_quiver
Hell
Zot:1:    layout_cathedral_of_symmetry, grunt_ministairs_10, evilmike_ambush
          [evilmike_ambush_outer_corners, evilmike_ambush_inner_cross]
Zot:2:    grunt_zot_stairs_mandelzot, layout_misc_corridors
Zot:3:    layout_twisted_circle, regret_index_zotdec_serpentine_scales,
          grunt_megastairs_2, uniq_josephina
Zot:4:    layout_cathedral_of_symmetry, st_stairs_3, st_grand_hoard_of_tiamat
Zot:5:    layout_misc_corridors

Skill      XL: |  1  2  3  4  5  6  7  8  9 10 11 12 13 14 15 16 17 18 19 20 21 22 23 24 25 26 |
---------------+-------------------------------------------------------------------------------+-----
Fighting       | 1 2 9 10 15 19 20 25 | 25.0
Shapeshifting  | 1 3 4 6 7 9 10 10 15 16 19 21 23 25 | 25.0
Unarmed Combat | 3 7 11 12 11 13 12 16 19 20 23 24 25 | 25.0
Evocations     | 3 0 |  0.0
Spellcasting   | 1 |  1.7
Conjurations   | 2 |  2.9
Dodging        | 7 15 18 20 23 | 23.6
Invocations    | 5 10 16 | 16.0
Shields        | 6 10 15 19 20 | 20.0
Stealth        | 10 | 10.0

Action                     |  1- 3 |  4- 6 |  7- 9 | 10-12 | 13-15 | 16-18 | 19-21 | 22-24 | 25-27 || total
---------------------------+-------+-------+-------+-------+-------+-------+-------+-------+-------++-------
  Melee: Unarmed           |    28 |     3 |   276 |   734 |  1439 |  1407 |  1846 |  1736 |  1726 ||  9195
         Short sword       |   129 |    96 |       |       |       |       |       |       |       ||   225
         Dagger            |       |    35 |       |       |       |       |       |       |       ||    35
         Punch             |       |     2 |       |     3 |     4 |       |       |       |       ||     9
         Constrict         |       |       |    61 |    97 |       |       |       |       |       ||   158
         Tailslap          |       |       |       |       |     1 |    22 |       |       |       ||    23
         Headbutt          |       |       |       |       |       |       |       |   119 |   602 ||   721
  Throw: Dart              |       |       |       |       |       |       |       |       |     1 ||     1
   Cast: Magic Dart        |    26 |    37 |       |       |       |       |       |       |       ||    63
 Invoke: Sacrifice Love    |       |       |     1 |       |       |       |       |       |       ||     1
         Sacrifice Skill   |       |       |       |     1 |       |       |       |       |       ||     1
         Sacrifice Artific |       |       |       |     1 |       |       |       |       |       ||     1
         Sacrifice Experie |       |       |       |     1 |       |       |       |       |       ||     1
         Power Leap        |       |       |       |       |     1 |       |       |       |       ||     1
         Apocalypse        |       |       |       |       |     1 |       |       |       |       ||     1
         Heroism           |       |       |       |       |     1 |     1 |       |       |     3 ||     5
         Receive Armour    |       |       |       |       |     1 |       |       |       |       ||     1
         Duel              |       |       |       |       |       |     2 |       |     2 |     2 ||     6
         Finesse           |       |       |       |       |       |       |     3 |     3 |     6 ||    12
  Evoke: Wand              |       |     6 |     6 |    11 |       |       |       |       |       ||    23
    Use: Potion            |     1 |       |       |     3 |     5 |     9 |       |    15 |    13 ||    46
         Scroll            |       |     2 |     7 |    12 |    14 |    13 |     4 |    25 |     9 ||    86
   Stab: Sleeping          |     7 |     3 |     4 |     4 |     7 |     4 |     3 |    14 |    13 ||    59
         Distracted        |       |     1 |       |     5 |     2 |       |     2 |     5 |     6 ||    21
         Invisible         |       |       |       |     1 |       |       |       |       |       ||     1
 Armour: Robe              |    84 |    71 |       |       |       |       |       |       |       ||   155
         Skin              |       |     1 |   197 |   620 |  1429 |  1170 |  1644 |  1485 |  1393 ||  7939
         Gold dragon scale |       |       |       |       |       |       |       |       |    16 ||    16
  Dodge: Dodged            |    91 |    84 |   139 |   471 |  1776 |  1683 |  2382 |  1761 |  1984 || 10371
  Block: Buckler           |       |       |       |    41 |   138 |   186 |  1042 |    85 |       ||  1492
         Kite shield       |       |       |       |       |  1007 |  1026 |       |  1290 |  1581 ||  4904
         Form:             |       |     1 |     1 |     2 |     2 |     1 |     1 |     1 |     1 ||    10
         Statue            |       |     1 |       |     3 |     2 |     1 |     1 |     2 |     1 ||    11
         Serpent           |       |     1 |     1 |       |       |       |       |       |       ||     2
         Blade             |       |       |       |       |       |       |       |     1 |       ||     1
